 Dungeon Crawl Stone Soup version 0.30-a0-800-g7c544603b3 (webtiles) character file.

Game seed: 1263281504606158108

18 sasquatch the Vexing (level 2, 0/21 HPs)
             Began as a Barachi Hexslinger on Feb 23, 2023.
             Slain by an adder (4 damage)
             ... on level 1 of the Dungeon.
             The game lasted 00:01:14 (793 turns).

sasquatch the Vexing (Barachi Hexslinger)            Turns: 793, Time: 00:01:15

Health: 0/21       AC:  2    Str: 11    XL:     2   Next: 66%
Magic:  2/4        EV: 12    Int: 13    God:
Gold:   81         SH:  0    Dex: 12    Spells: 3/4 levels left

rFire   . . .      SeeInvis .    a - +1 sling
rCold   . . .      Faith    .    (no shield)
rNeg    . . .      Spirit   .    c - +0 robe
rPois   .          Reflect  .    (no helmet)
rElec   .          Harm     .    (no cloak)
rCorr   .          Rampage  .    (no gloves)
Will    .....                    (no boots)
Stlth   +                        (no amulet)
HPRegen 0.23/turn                (no ring)
MPRegen 0.09/turn                (no ring)

@: unable to hop, slow
A: amphibious, slowness 1, strong legs 1, +LOS
a: Hop


You were on level 1 of the Dungeon.
You visited 1 branch of the dungeon, and saw 2 of its levels.

You collected 81 gold pieces.

Inventory:

Hand Weapons
 a - a +1 sling (weapon)
Armour
 c - a +0 robe (worn)
 h - a +0 kite shield
 l - a +0 ring mail
Jewellery
 d - an amulet of reflection
Scrolls
 b - 2 scrolls of poison
 e - a scroll of amnesia {unknown}
 f - a scroll of fog {unknown}
 i - a scroll of identify {unknown}
Potions
 g - a potion of mutation {unknown}
 j - a potion of lignification {unknown}
 k - a potion of attraction {unknown}


   Skills:
 - Level 1.2 Fighting
 * Level 2.6 Ranged Weapons
 - Level 2.1 Dodging
 + Level 1.5 Spellcasting
 + Level 3.5 Hexes


You had 3 spell levels left.
You knew the following spells:

 Your Spells              Type           Power      Damage    Failure   Level
a - Slow                  Hex            40%        N/A       6%          1

Your spell library contained the following spells:

 Spells                   Type           Power      Damage    Failure   Level
 Inner Flame              Hex/Fire       5%         N/A       36%         3
 Portal Projectile        Hex/Tloc       10%        N/A       36%         3
 Cause Fear               Hex            5%         N/A       52%         4


Dungeon Overview and Level Annotations

Branches:
Dungeon (2/15)

Altars:


Innate Abilities, Weirdness & Mutations

You are amphibious.
You cover ground slowly.
You can hop short distances.
You have an extended range of vision and can be seen from far away.


Message History

You feel sick.
The giant cockroach bites you but does no damage.
The adder closely misses you. The adder bites you.
The giant cockroach barely misses you.
You shoot a sling bullet. The sling bullet hits the adder!
The adder is severely wounded.
You feel sick. The adder bites you. The giant cockroach closely misses you.
The adder closely misses you. The giant cockroach closely misses you.
You are too injured to fight recklessly!
You are too injured to fight recklessly!
Aiming: Slow (safe; 6% risk of failure)
Press: ? - help, Q - select action, (/) - cycle Shift-Dir - straight line, f/p - adder
Aim: an adder (severely wounded, chance to affect: 52%)
The adder resists with significant effort.
You feel sick. The adder bites you but does no damage.
The giant cockroach misses you.
Hop to where?
Press: ? - help, Dir - move target, p - adder Boing!
You feel sick.
You feel sick.
You are no longer poisoned.
The adder bites you.
* * * LOW HITPOINT WARNING * * *
There is a stone staircase leading up, spattered with blood here.
The adder bites you.
* * * LOW HITPOINT WARNING * * *
You climb upwards.
There is a stone staircase leading down here.
Aiming: Slow (safe; 6% risk of failure)
Press: ? - help, Q - select action, (/) - cycle Shift-Dir - straight line, f - adder
Aim: an adder (severely wounded, chance to affect: 52%)
The adder resists with significant effort.
The adder barely misses you.
Fire: a) +1 sling
Press: ? - help, Q - select action, (/) - cycle Shift-Dir - straight line, f/p - adder
Aim: an adder (severely wounded, 35% to hit)
You shoot a sling bullet.
The sling bullet closely misses the adder.
The adder bites you but does no damage. The adder bites you.
You die...

#### #..) #.## ########## #.#
#........# ######## #.#
#.######.# #......# #.# #.# #.#
#.####.# #.# #.#
#.###########.####.###.# #.#
#.......@.........#....# #.#
#........S....####.##### #.#
##.############ #.# #.# #.# #.#
#.# #.# #.# #.# #####.###
#.######
##.###.......#############.......
.................................
##.###.###.#.#####.##............


You could see an adder.

Vanquished Creatures
  A bat (D:1)
  An endoplasm (D:1)
  A giant cockroach (D:1)
  3 hobgoblins (D:1)
  2 kobolds (D:1)
  3 quokkas (D:1)
  2 ball pythons (D:1)
  2 rats (D:1)
15 creatures vanquished.

Notes
Turn   | Place    | Note
-------+----------+-------------------------------------------
     0 | D:1      | sasquatch the Barachi Hexslinger began the quest for the
                  | Orb.
     0 | D:1      | Reached XP level 1. HP: 15/15 MP: 2/2
   175 | D:1      | Reached XP level 2. HP: 16/21 MP: 4/4
   793 | D:1      | Slain by an adder

Illustrated notes

Levels and vault maps discovered:
D:1:      ebering_trefoil_twist, layout_loops_ring, nrook_campfire
D:2:      layout_basic, serial_forest, infiniplex_forest_clump_curved,
          infiniplex_forest_straight_3, infiniplex_forest_3_way,
          infiniplex_forest_corner_2, infiniplex_forest_lined_3,
          infiniplex_forest_join, nicolae_titane, uniq_crazy_yiuf_cottage

Action                     || total
---------------------------++-------
   Fire: Sling             ||    54
   Cast: Slow              ||     2
Ability: Hop               ||     1
 Armour: Robe              ||     7
  Dodge: Dodged            ||    28

Table legend: (Time is in decaauts)
 A = Elapsed time spent in this place.
 B = Non-inter-level travel time spent in this place.
 C = Inter-level travel time spent in this place.
 D = Time resting spent in this place.
 E = Time spent auto-exploring this place.
 F = Levels seen in this place.
 G = Mean time per level.
                   A        B        C        D        E       F      G
               +--------+--------+--------+--------+--------+-----+--------+
         Total |    942 |    927 |     15 |      0 |    807 |   2 |  471.0 |
       Dungeon |    942 |    927 |     15 |      0 |    807 |   2 |  471.0 |
               +--------+--------+--------+--------+--------+-----+--------+

Top non-repeatable levels by time:
     D:1: 894 daAuts
     D:2: 47 daAuts
